 Dungeon Crawl Stone Soup version 0.28.0-45-g0d030f2227 (webtiles) character file.

Game seed: 10081502476838711887

171 zeratav the Insei (level 5, 0/35 HPs)
             Began as an Octopode Transmuter on Apr 8, 2022.
             Was an Initiate of Cheibriados.
             Succumbed to an orc wizard's poison
             ... on level 4 of the Dungeon.
             The game lasted 00:06:38 (2944 turns).

zeratav the Insei (Octopode Transmuter)             Turns: 2944, Time: 00:06:39

Health: 0/35       AC:  1    Str: 11    XL:     5   Next: 51%
Magic:  8/8        EV: 14    Int: 16    God:    Cheibriados [......]
Gold:   123        SH:  0    Dex: 15    Spells: 4/8 levels left

rFire   . . .      SeeInvis .   j - +0 long sword (vorpal) {long}
rCold   . . .      Faith    .   (no shield)
rNeg    . . .      Spirit   .   (helmet restricted)
rPois   .          Reflect  .   (no amulet)
rElec   .          Harm     .   (no ring)
rCorr   .          Rampage  .   (no ring)
Will    .....                   (no ring)
Stlth   +++.......              (no ring)
HPRegen 0.11/turn               (no ring)
MPRegen 0.11/turn               (no ring)
                                (no ring)
                                (no ring)

@: lethally poisoned (0 -> -2), very slow
A: almost no armour, amphibious, 8 rings, camouflage 1, gelatinous body 1,
(nimble swimmer 1), tentacles
a: Renounce Religion


You were on level 4 of the Dungeon.
You worshipped Cheibriados.
Cheibriados was noncommittal.
You visited 1 branch of the dungeon, and saw 4 of its levels.

You collected 123 gold pieces.


Innate Abilities, Weirdness & Mutations

You cannot wear most types of armour.
You are amphibious.
You can wear up to eight rings at the same time.
Your skin changes colour to match your surroundings (Stealth+).
Your rubbery body absorbs attacks. (AC +1, EV +1)
((You are camouflaged when in or above water. (Stealth+)))
You have tentacles for arms and can constrict up to eight enemies at once.


   Skills:
 + Level 2.3 Fighting
 + Level 3.0 Dodging
 + Level 3.0 Stealth
 * Level 4.4 Unarmed Combat
 - Level 2.0 Spellcasting
 - Level 2.0 Transmutations


You had 4 spell levels left.
You knew the following spells:

 Your Spells              Type           Power      Damage    Failure   Level
a - Beastly Appendage     Tmut           16%        N/A       9%          1
b - Spider Form           Tmut/Pois      4%         N/A       38%         3

Your spell library contained the following spells:

 Spells                   Type           Power      Damage    Failure   Level
 Wereblood                Tmut           8%         N/A       14%         2
 Blink                    Tloc           2%         N/A       30%         2
 Ice Form                 Ice/Tmut       4%         N/A       80%         4
 Manifold Assault         Tloc           1%         N/A       99%         5
 Storm Form               Tmut/Air       2%         N/A       100%        7

Inventory:

Hand Weapons
 j - a +0 vorpal long sword (weapon) {long}
   (You found it on level 3 of the Dungeon)
Wands
 k - a wand of mindburst (15)
   (You found it on level 3 of the Dungeon)
Scrolls
 c - a scroll of silence {unknown}
 d - 2 scrolls of blinking {unknown}
 f - a scroll of magic mapping {unknown}
 g - a scroll of holy word {unknown}
 i - a scroll of summoning {unknown}
 l - a scroll of acquirement {unknown}
 m - a scroll of teleportation {unknown}
Potions
 b - a potion of lignification {unknown}
 e - a potion of curing {unknown}
 h - a potion of might {unknown}

Dungeon Overview and Level Annotations

Branches:
Dungeon (4/15)
 Temple: D:4-7

Altars:
Cheibriados
Hepliaklqana
Kikubaaqudgha
Wu Jian
The Shining One

...##............#.....
##...<.........#.#....
###############.#..#
##.#..# ####.....###
#....#.....#
#.##...)$#.# # ##)#..#
# #@#..... #.#.......
#.......## #.........
##<.....## #.#>#.# ..##
##.


There were no monsters in sight!


Message History

You hit the dart slug. You grab the dart slug. You tentacle-slap the dart slug.
You constrict the dart slug. The dart slug misses you.
You hit the dart slug.
You kill the dart slug!
An ufetubus comes into view.
The helpless ufetubus fails to defend itself.
You slash the ufetubus!
You kill the ufetubus!
Cheibriados appreciates the change of pace.
An orc comes into view. It is wielding a +0 flail.
An orc and an orc wizard come into view.
The orc is wielding a +1 whip of pain.
The orc wizard is wielding a +0 dagger of venom.
The orc shouts!
You hear a shout!
The orc wizard shouts!
You hear a shout! x2
An orc comes into view. It is wielding a +0 club.
A hobgoblin comes into view.
Found a stone staircase leading up.
The orc barely misses you.
You slash the orc!
You kill the orc!
Cheibriados appreciates the change of pace.
Found a stone staircase leading down.
An orc comes into view. It is wielding a +0 hand axe.
The hobgoblin hits you.
HP[-2]
You take 2 damage, and now have 32/34 hp.
The orc shouts!
You hit the hobgoblin. You grab the hobgoblin. You constrict the hobgoblin.
You kill the hobgoblin!
Cheibriados thoroughly appreciates the change of pace.
You hit the orc but do no damage. You grab the orc.
You squeeze the orc, but do no damage.
You constrict the orc, but do no damage.
An orc comes into view. It is wielding a +0 dagger.
The orc misses you. x2
The orc shouts!
You hit the orc but do no damage. You constrict the orc.
You hear a shout!
The orc hits you with a +0 club.
HP[-2]
You take 2 damage, and now have 30/34 hp.
You hit the orc.
You kill the orc!
Cheibriados appreciates the change of pace.
The orc wizard points at you and mumbles some strange words.
The puff of flame hits you!
HP[-10]
You take 10 damage, and now have 20/34 hp.
MASSIVE DAMAGE!! (PAUSE)
You slash the orc!
You kill the orc!
Cheibriados appreciates the change of pace.
You hit the orc wizard. You grab the orc wizard.
You constrict the orc wizard, but do no damage.
The orc wizard casts a spell.
The orc wizard flickers and vanishes!
Deactivating autopickup; reactivate with Ctrl-A.
Something hits you.
* * * LOW HITPOINT WARNING * * *
HP[-5]
You take 5 damage, and now have 15/34 hp.
You hit something but do no damage. You squeeze something!
You constrict something. Something hits you.
* * * LOW HITPOINT WARNING * * *
You are poisoned.
HP[-3]
You take 3 damage, and now have 12/34 hp.
You hit something. You constrict something.
Cheibriados appreciates the change of pace.
Reactivating autopickup.
You feel a bit more experienced.
You feel sick. The orc misses you.
Your Dodging skill increases to level 3!
Your Stealth skill increases to level 3!
HP[-1]
You now have 35 max hp (+1).
You barely miss the orc. You grab the orc.
You squeeze the orc, but do no damage. You constrict the orc.
You feel sick. The orc hits you with a +0 dagger.
* * * LOW HITPOINT WARNING * * *
HP[-7]
You take 7 damage, and now have 4/35 hp.
You hit the orc.
You kill the orc!
Cheibriados appreciates the change of pace.
* * * LOW HITPOINT WARNING * * *
You feel sick.
HP[-1]
You take 1 damage, and now have 3/35 hp.
You hit the orc. You grab the orc. You constrict the orc.
* * * LOW HITPOINT WARNING * * *
You feel sick. The orc misses you. The orc barely misses you.
HP[-1]
You take 1 damage, and now have 2/35 hp.
You barely miss the orc. You constrict the orc.
You kill the orc!
Cheibriados appreciates the change of pace.
* * * LOW HITPOINT WARNING * * *
You feel sick.
HP[-1]
You take 1 damage, and now have 1/35 hp.
It was a potion of cancellation.
You feel magically purged.
You die...

Skill      XL: |  1  2  3  4  5 |
---------------+----------------+-----
Stealth        | 1 2 3 |  3.0
Fighting       | 2 |  2.3
Unarmed Combat | 4 |  4.4
Dodging        | 3 |  3.0
Spellcasting   | |  2.0
Transmutations | |  2.0

Action                   |  1- 3 |  4- 6 || total
-------------------------+-------+-------++-------
Melee: Unarmed           |    64 |    15 ||    79
       Constrict         |    15 |    15 ||    30
       Kick              |    14 |    11 ||    25
       Tentacles         |     8 |    10 ||    18
       Punch             |     4 |     3 ||     7
       Long sword        |       |    34 ||    34
 Cast: Beastly Appendage |    25 |     6 ||    31
  Use: Potion            |       |     1 ||     1
 Stab: Sleeping          |     6 |     2 ||     8
Armor: Skin              |     8 |       ||     8
Dodge: Dodged            |    45 |    25 ||    70

Levels and vault maps discovered:
D:1:      minmay_arrival_nine_rooms, layout_basic, grunt_decor_fettered
D:2:      layout_rooms, basic_altar
D:3:      layout_basic, grunt_temple_overflow_cloverleaf,
          basic_ecumenical_altar, chequers_serial_rivers_micro_d,
          grunt_decor_one_mirror
D:4:      layout_loops_ring, grunt_dithmenos_smoke, bloody_makhleb,
          kennysheep_another_room, kennysheep_generic_room_9

Notes
Turn   | Place    | Note
-------+----------+-------------------------------------------
     0 | D:1      | zeratav the Octopode Transmuter began the quest for the
                  | Orb.
     0 | D:1      | Reached XP level 1. HP: 13/13 MP: 3/3
     0 | D:1      | magus.rc [v1.9.6]
   148 | D:1      | You add the spells Blink, Manifold Assault and Storm Form
                  | to your library.
   212 | D:1      | Reached XP level 2. HP: 11/18 MP: 3/5
   215 | D:1      | HP: 4/18 [ball python (3)]
   218 | D:1      | Reached skill level 1 in Stealth
   784 | D:1      | Reached XP level 3. HP: 20/23 MP: 4/6
  1641 | D:2      | Found an ornate altar of the Wu Jian Council.
  1708 | D:3      | Reached skill level 2 in Stealth
  1708 | D:3      | Reached XP level 4. HP: 14/29 MP: 5/7
  1901 | D:3      | Reached skill level 2 in Fighting
  1901 | D:3      | Reached skill level 4 in Unarmed Combat
  1935 | D:3      | Found a faded altar of an unknown god.
  1946 | D:3      | HP: 6/29 [poisoned by a kobold]
  1950 | D:3      | HP: 2/29 [poisoned by a kobold]
  2344 | D:3      | Found a hazy altar of Hepliaklqana.
  2349 | D:3      | Found an ancient bone altar of Kikubaaqudgha.
  2367 | D:3      | Found a snail-covered altar of Cheibriados.
  2379 | D:3      | Found a glowing golden altar of the Shining One.
  2385 | D:3      | Became a worshipper of Cheibriados the Contemplative
  2656 | D:3      | Learned a level 3 spell: Spider Form
  2697 | D:3      | Reached XP level 5. HP: 34/34 MP: 6/8
  2940 | D:4      | Reached skill level 3 in Dodging
  2940 | D:4      | Reached skill level 3 in Stealth
  2940 | D:4      | HP: 4/35 [orc/+0 dagger (5)]
  2943 | D:4      | HP: 1/35 [poisoned by an orc wizard]
  2944 | D:4      | Succumbed to an orc wizard's poison

Vanquished Creatures
  A hound (D:3)
  An orc wizard (D:4)
  4 adders
  An ufetubus (D:4)
  3 worms (D:3)
  2 dart slugs
  7 orcs
  5 bats
  3 endoplasms
  A giant cockroach (D:1)
  5 goblins
  7 hobgoblins
  A quokka (D:3)
  7 ball pythons
  3 frilled lizards
  2 kobolds
  3 rats (D:1)
56 creatures vanquished.

Table legend:
 A = Non-vault XP
 B = Vault XP
 C = Vault XP percentage of total XP
 D = Non-vault monster count
 E = Vault monster count
 F = Vault count percentage of total count
                 A         B        C        D         E       F
            +---------+---------+-------+---------+---------+-------
      Total |     245 |       0 |   0.0 |      56 |       0 |   0.0
            +---------+---------+-------+---------+---------+-------
        D:1 |      38 |       0 |   0.0 |      23 |       0 |   0.0
        D:2 |      23 |       0 |   0.0 |       7 |       0 |   0.0
        D:3 |     118 |       0 |   0.0 |      17 |       0 |   0.0
        D:4 |      66 |       0 |   0.0 |       9 |       0 |   0.0
            +---------+---------+-------+---------+---------+-------

Illustrated notes

Table legend:
 A = Kills in this place as a percentage of kills in entire the game.
 B = Kills by you in this place as a percentage of kills by you in the entire game.
 C = Kills by friends in this place as a percentage of kills by friends in the entire game.
 D = Other kills in this place as a percentage of other kills in the entire game.
 E = Experience gained in this place as a percentage of experience gained in the entire game.
 F = Experience gained in this place divided by the number of levels of this place that you have seen.
                   A       B       C       D       E      F
               +-------+-------+-------+-------+-------+----------------------
         Total | 100.0 | 100.0 |   N/A |   N/A | 100.0 |  61.2
       Dungeon | 100.0 | 100.0 |   N/A |   N/A | 100.0 |  61.2
               +-------+-------+-------+-------+-------+----------------------

Table legend: (Time is in decaauts)
 A = Elapsed time spent in this place.
 B = Non-inter-level travel time spent in this place.
 C = Inter-level travel time spent in this place.
 D = Time resting spent in this place.
 E = Time spent auto-exploring this place.
 F = Levels seen in this place.
 G = Mean time per level.
                   A        B        C        D        E       F      G
               +--------+--------+--------+--------+--------+-----+--------+
         Total |   3073 |   2806 |    267 |    389 |   1679 |   4 |  768.2 |
       Dungeon |   3073 |   2806 |    267 |    389 |   1679 |   4 |  768.2 |
               +--------+--------+--------+--------+--------+-----+--------+

Top non-repeatable levels by time:
     D:3: 1264 daAuts
     D:1: 1128 daAuts
     D:2: 566 daAuts
     D:4: 114 daAuts
